 Dungeon Crawl Stone Soup version 0.27-a0-1359-ga2a4dfd6fd (webtiles) character file.

Game seed: 6485644419390848379

200 ipx the Firebug (level 5, -3/28 HPs)
             Began as a Deep Elf Fire Elementalist on June 28, 2021.
             Slain by a goblin (4 damage)
             ... led by Robin
             ... on level 4 of the Dungeon.
             The game lasted 00:12:44 (900 turns).

ipx the Firebug (Deep Elf Fire Elementalist)         Turns: 900, Time: 00:12:45

Health: -3/28      AC:  2    Str:  5    XL:     5   Next: 48%
Magic:  5/11       EV: 13    Int: 21    God:
Gold:   98         SH:  0    Dex: 15    Spells: 2/10 levels left

rFire    . . .     SeeInvis .   a - +3 short sword (speed)
rCold    . . .     Faith    .   (no shield)
rNeg     . . .     Spirit   .   e - +0 robe
rPois    .         Reflect  .   (no helmet)
rElec    .         Harm     .   (no cloak)
rCorr    .         Rampage  .   (no gloves)
Will     .....                  (no boots)
Stlth    ++........             (no amulet)
HPRegen  0.09/turn              (no ring)
MPRegen  0.12/turn              (no ring)

@: about to teleport, very slightly contaminated
A: no striking features
a: no special abilities


You were on level 4 of the Dungeon.
You visited 1 branch of the dungeon, and saw 4 of its levels.

You collected 98 gold pieces.

Inventory:

Hand Weapons
 a - a +3 short sword of speed (weapon)
Armour
 e - a +0 robe (worn)
Wands
 g - a wand of flame (12)
Scrolls
 c - 4 scrolls of identify
Potions
 f - a potion of berserk rage {unknown}


   Skills:
 + Level 3.3 Dodging
 - Level 3.0 Stealth
 - Level 3.0 Spellcasting
 * Level 4.5 Conjurations
 + Level 4.5 Fire Magic


You had 2 spell levels left.
You knew the following spells:

 Your Spells              Type           Power      Damage    Failure   Level
c - Conjure Flame         Conj/Fire      22%        6-21      6%          3
t - Sticky Flame          Conj/Fire      22%        2d4       21%         4
x - Foxfire               Conj/Fire      88%        2x1d8     1%          1

Your spell library contained the following spells:

 Spells                   Type           Power      Damage    Failure   Level
 Shock                    Conj/Air       48%        1d6       5%          1
 Static Discharge         Conj/Air       12%        N/A       8%          2
 Beastly Appendage        Tmut           6%         N/A       13%         1
 Wereblood                Tmut           3%         N/A       21%         2
 Inner Flame              Hex/Fire       12%        N/A       16%         3
 Spider Form              Tmut/Pois      1%         N/A       36%         3
 Swiftness                Air            3%         N/A       36%         3
 Fireball                 Conj/Fire      11%        3d7       50%         5
 Airstrike                Air            1%         N/A       78%         4
 Ice Form                 Ice/Tmut       3%         N/A       78%         4
 Lightning Bolt           Conj/Air       6%         1d18      82%         5


Dungeon Overview and Level Annotations

Branches:
Dungeon (4/15)
 Temple: D:4-7

Altars:

Annotations:
D:3 Grinder
D:4 Eustachio, Robin


Message History

The foxfire hits the goblin.
You kill the goblin!
The foxfire hits the hobgoblin.
You kill the hobgoblin!
Robin throws the goblin at you!
Casting: Foxfire (safe; 1% risk of failure)
Confirm with . or Enter, or press ? or * to list all spells.
You miscast Foxfire.
You are very lightly contaminated with residual magic.
Nothing appears to happen.
Eustachio misses you. The goblin barely misses you.
Casting: Foxfire (safe; 1% risk of failure)
Confirm with . or Enter, or press ? or * to list all spells.
You conjure some foxfire!
Eustachio hits you with a +0 rapier.
* * * LOW HITPOINT WARNING * * *
The goblin misses you.
You barely miss the goblin.
The foxfire hits the goblin.
The goblin is heavily wounded.
The foxfire hits Eustachio but does no damage.
Eustachio gestures wildly while chanting.
A goblin comes into view. It is wielding a +0 club.
Okay, then.
You feel much better. The goblin hits you with a +0 dagger.
Eustachio casts a spell.
Eustachio blinks!
The white imp gestures at you. The puff of frost hits you!
The white imp misses you.
As you read the scroll labelled QIGESI REFUKEW, it crumbles to dust.
It is a scroll of enchant weapon.
Your +2 short sword of speed glows red for a moment.
The goblin hits you with a +0 dagger.
* * * LOW HITPOINT WARNING * * *
A goblin comes into view. It is wielding a +0 dagger.
The white imp misses you. The white imp hits you.
* * * LOW HITPOINT WARNING * * *
The white imp freezes you.
* * * LOW HITPOINT WARNING * * *
As you read the scroll labelled LOMENIOWAF, it crumbles to dust.
You feel strangely unstable.
It was a scroll of teleportation.
The quokka closely misses you. The goblin hits you with a +0 dagger.
You die...

#..#g# ..g.
####)#######.
h.######
#..g.ยง...@..)
h......###.##.<#####
#rg...........#
#gr5.#........#
###r#####.......#
#5@5# #.......#
#@g### #.......#
....# #.......#
#.#### #########


You could see Eustachio, Robin, 2 white imps, a shadow imp (summoned), 2
quokkas, 3 goblins and a rat (summoned).

Vanquished Creatures
  A water moccasin skeleton (D:4)
  Natasha (D:2)
  Terence (D:2)
  A gnoll (D:1)
  4 adders
  A worm (D:2)
  2 dart slugs (D:1)
  6 ball pythons
  4 endoplasms
  2 giant cockroaches
  9 goblins
  5 hobgoblins
  2 quokkas (D:2)
  2 bats
  4 frilled lizards
  6 kobolds
  4 rats
55 creatures vanquished.

Vanquished Creatures (others)
  139 foxfires
  A fungus (D:1)
  4 plants (D:1)
144 creatures vanquished.

Grand Total: 199 creatures vanquished

Notes
Turn   | Place    | Note
-------+----------+-------------------------------------------
     0 | D:1      | ipx the Deep Elf Fire Elementalist began the quest for the
                  | Orb.
     0 | D:1      | Reached XP level 1. HP: 10/10 MP: 6/6
    95 | D:1      | Reached XP level 2. HP: 15/15 MP: 0/8
   200 | D:1      | Reached XP level 3. HP: 19/19 MP: 2/9
   204 | D:1      | Learned a level 3 spell: Conjure Flame
   268 | D:1      | Found a faded altar of an unknown god.
   351 | D:2      | Noticed Natasha
   452 | D:1      | Reached XP level 4. HP: 22/24 MP: 1/10
   461 | D:2      | Learned a level 4 spell: Sticky Flame
   736 | D:2      | Killed Natasha
   751 | D:2      | Noticed Terence
   759 | D:2      | Killed Terence
   760 | D:2      | Reached XP level 5. HP: 28/28 MP: 1/11
   846 | D:3      | Noticed Grinder
   855 | D:4      | Noticed Eustachio
   879 | D:4      | Noticed Robin
   899 | D:4      | HP: 1/28 [white imp[Eustachio] (5)]
   900 | D:4      | Slain by a goblin

Illustrated notes

Levels and vault maps discovered:
D:1:      tarquinn_simple_flora_water_b, layout_rooms,
          shapermc_ecumenical_altar_mp_urbaneastern, minmay_tetromino_l4
D:2:      layout_basic, uniq_terence, uniq_natasha
D:3:      layout_basic, uniq_grinder
D:4:      layout_rooms, uniq_robin, uniq_eustachio

Skill      XL: |  1  2  3  4 |
---------------+-------------+-----
Conjurations   | 2 3 4 |  4.5
Stealth        | 3 |  3.0
Fire Magic     | 4 |  4.5
Dodging        | 3 |  3.3
Spellcasting   | |  3.0

Action                   |  1- 3 |  4- 6 || total
-------------------------+-------+-------++-------
Melee: Short sword       |       |     7 ||     7
 Cast: Foxfire           |    50 |    31 ||    81
Evoke: Wand              |       |     1 ||     1
  Use: Scroll            |       |     3 ||     3
       Potion            |       |     1 ||     1
Armor: Robe              |       |     2 ||     2
Dodge: Dodged            |     4 |    13 ||    17

Table legend: (Time is in decaauts)
 A = Elapsed time spent in this place.
 B = Non-inter-level travel time spent in this place.
 C = Inter-level travel time spent in this place.
 D = Time resting spent in this place.
 E = Time spent auto-exploring this place.
 F = Levels seen in this place.
 G = Mean time per level.
                   A        B        C        D        E       F      G
               +--------+--------+--------+--------+--------+-----+--------+
         Total |    923 |    923 |      0 |      0 |      0 |   4 |  230.8 |
       Dungeon |    923 |    923 |      0 |      0 |      0 |   4 |  230.8 |
               +--------+--------+--------+--------+--------+-----+--------+

Top non-repeatable levels by time:
     D:1: 347 daAuts
     D:2: 322 daAuts
     D:3: 210 daAuts
     D:4: 43 daAuts
